 Dungeon Crawl Stone Soup version 0.22-a0-824-g1ca9aab89c (console) character file.

1770 Lexodia the Basher (level 9, -8/96 HPs)
             Began as an Ogre Chaos Knight on July 24, 2018.
             Mangled by a gnoll
             ... wielding a +0 spear
              (10 damage)
             ... on level 6 of the Dungeon.
             The game lasted 00:14:51 (4426 turns).

Lexodia the Basher (Ogre Chaos Knight)              Turns: 4426, Time: 00:14:51

Health: -8/96      AC:  6    Str: 21    XL:     9   Next: 7%
Magic:  9/9        EV: 15    Int: 13    God:    Xom [......]
Gold:   101        SH:  0    Dex:  8    Spells: 8/8 levels left

rFire    . . .     SeeInvis .   a - +1 mace (chaos)
rCold    . . .     Gourm    .   (no shield)
rNeg     . . .     Faith    .   b - +2 robe
rPois    .         Spirit   .   (helmet restricted)
rElec    .         Reflect  .   m - +0 cloak
rCorr    .         Harm     .   (gloves unavailable)
MR       .....                  (boots unavailable)
Stlth    +++.......             r - amulet of the acrobat
HPRegen  0.26/turn              l - +2 ring of evasion
MPRegen  0.11/turn              u - +1 ring of slaying

@: no status effects
A: large, unfitting armour, repulsion field 1, camouflage 1, tough skin 1, wild
magic 1
a: Renounce Religion


You were on level 6 of the Dungeon.
You worshipped Xom.
You were a very special plaything of Xom.
You were not hungry.

You visited 1 branch of the dungeon, and saw 6 of its levels.
You also visited: Sewer.

You collected 173 gold pieces.
You spent 72 gold pieces at shops.

Inventory:

Hand Weapons
 a - a +1 mace of chaos (weapon)
 s - a +0 dagger
Armour
 b - a +2 robe (worn)
 m - a +0 cloak (worn)
Jewellery
 e - an uncursed amulet of faith
 l - a +2 ring of evasion (left hand)
 r - an amulet of the acrobat (around neck)
 t - an uncursed ring of resist corrosion
 u - a +1 ring of slaying (right hand)
Wands
 v - a wand of acid (10)
Scrolls
 f - 7 scrolls of identify
 j - a scroll of blinking
 p - a scroll of enchant weapon
 q - a scroll of amnesia
Potions
 d - 2 potions of brilliance
 g - a potion of agility
 h - 3 potions of flight
 i - 5 potions of curing
 k - a potion of berserk rage
 n - 2 potions of heal wounds
Comestibles
 c - 11 rations
 w - 2 chunks of flesh


   Skills:
 + Level 7.8 Fighting
 * Level 8.3 Maces & Flails
 + Level 4.7 Dodging
 - Level 2.0 Stealth


You had 8 spell levels left.
You didn't know any spells.
Your spell library was empty.

Dungeon Overview and Level Annotations

Branches:
Dungeon (6/15)             Temple (0/1) D:6

Altars:
Cheibriados
Dithmenos
Elyvilon
Fedhas
Qazlal
Xom

Shops:
D:4 =


Innate Abilities, Weirdness & Mutations

You are too large for most types of armour.
You have tough skin. (AC +1)
You are surrounded by a mild repulsion field. (EV +2)
Your skin changes colour to match your surroundings (Stealth+).
Your spells are a little harder to cast, but a little more powerful.


Message History

The gnoll hits the gnoll with a spear!
The gnoll dies!
The gnoll completely misses your butterfly.
An orc priest comes into view. It is wielding a war axe.
The gnoll misses your butterfly.
The orc priest invokes the aid of Beogh against you.
Beogh smites you!
* * * LOW HITPOINT WARNING * * *
Xom roars with laughter!
Huge Dmg: -10%(-10hp) hp: 2%(1hp)
Press: ? - help, v - describe, . - travel, g - get item
Here: a butterfly (friendly, summoned)
A giant club.
There is something else lying underneath.
The floor, spattered with blood.
The gnoll completely misses you.
The gnoll completely misses your butterfly.
As you read the scroll of fog, it crumbles to dust.
The scroll dissolves into smoke.
The gnoll hits you with a spear!
You die...

##.#. #.# .# # #
#.####. #.##.. #.##.#
#.##.### #
#.###b..b?.#####...#
.........b..()).oh...
........§§§g###.#...#
..#.###bb§@§# # . .
#. #..§§§# . ###§#.#
. #.#.# #.#.# ..#..
###.. ..#


You could see a neutral gnoll (insane).

Vanquished Creatures
  Grinder (Sewer)
  2 ice beasts (D:5)
  2 phantoms (D:4)
  An orc warrior (D:6)
  An ogre (D:6)
  2 big kobolds (Sewer)
  A scorpion (D:4)
  A howler monkey (D:6)
  A quasit (Sewer)
  A hound (D:4)
  3 orc priests
  A jelly (D:5)
  3 orc wizards
  3 iguanas
  3 worker ants
  3 big kobold zombies (Sewer)
  A hound skeleton (D:6)
  A howler monkey zombie (D:6)
  4 gnolls
  4 river rats (D:4)
  4 adders
  3 shadow imps (Sewer)
  An ufetubus (Sewer)
  4 oozes (Sewer)
  A worm (D:4)
  2 dart slugs
  4 leopard geckos
  5 orcs
  5 giant cockroaches
  16 goblins
  12 hobgoblins
  14 jackals
  2 ball pythons
  10 bats
  3 frilled lizards
  A frilled lizard (shapeshifter) (D:1)
  A giant cockroach zombie (D:6)
  15 kobolds
  4 kobold zombies (Sewer)
  7 rats
153 creatures vanquished.

Vanquished Creatures (collateral kills)
  A howler monkey (D:6)
  An orc priest (D:6)
  A bullfrog skeleton (D:4)
  2 gnolls (D:6)
  A jackal (D:4)
6 creatures vanquished.

Vanquished Creatures (others)
  An ooze (Sewer)
  A kobold (Sewer)
  A kobold zombie (Sewer)
3 creatures vanquished.

Grand Total: 162 creatures vanquished

Notes
Turn   | Place    | Note
-------+----------+-------------------------------------------
     0 | D:1      | Lexodia the Ogre Chaos Knight began the quest for the Orb.
     0 | D:1      | Reached XP level 1. HP: 24/24 MP: 1/1
     5 | D:1      | Huge Dmg: 5 dmg
    10 | D:1      | XOM: smoke on damage
    12 | D:1      | Huge Dmg: 3 dmg
    58 | D:1      | XOM: harmless Necr miscast
   242 | D:1      | Reached skill level 3 in Maces & Flails
   242 | D:1      | Reached XP level 2. HP: 28/32 MP: 2/2
   552 | D:1      | XOM: polymorph bat -> frilled lizard
   553 | D:1      | Reached XP level 3. HP: 38/40 MP: 3/3
   741 | D:1      | XOM: silly message
  1187 | D:2      | XOM: silly message
  1297 | D:2      | XOM: scenery: create altars
  1446 | D:3      | Reached XP level 4. HP: 23/49 MP: 4/4
  1509 | D:3      | XOM: harmless Hex miscast
  1767 | D:3      | XOM: cloud trail
  1896 | D:3      | Reached skill level 4 in Maces & Flails
  1997 | D:3      | XOM: give mutations
  1997 | D:3      | Gained mutation: You possess an exceptional clarity of mind. [Xom's grace]
  1997 | D:3      | Gained mutation: You are agile. (Dex +2) [Xom's grace]
  2046 | D:3      | Huge Dmg: 12 dmg
  2053 | D:3      | Reached skill level 5 in Fighting
  2053 | D:3      | Reached XP level 5. HP: 57/57 MP: 5/5
  2061 | D:3      | Huge Dmg: 21 dmg
  2154 | D:4      | Noticed a phantom
  2158 | D:4      | XOM: cast spell 'Death Channel'
  2163 | D:4      | XOM: confuse monster(s)
  2181 | D:4      | Huge Dmg: 8 dmg
  2223 | D:4      | Found a snail-covered altar of Cheibriados.
  2227 | D:4      | XOM: divination: magic mapping
  2243 | D:4      | Killed a phantom
  2243 | D:4      | Reached skill level 5 in Maces & Flails
  2243 | D:4      | Reached XP level 6. HP: 53/67 MP: 6/6
  2267 | D:4      | Huge Dmg: 13 dmg
  2269 | D:4      | Huge Dmg: 6 dmg
  2286 | D:4      | Huge Dmg: 7 dmg
  2402 | D:4      | Found Hoischok's Jewellery Shoppe.
  2410 | D:4      | Bought a +1 ring of slaying for 72 gold pieces
  2441 | D:4      | XOM: divination: detect items
  2454 | D:4      | Found a glowing drain.
  2460 | D:4      | XOM: confuse monster(s)
  2485 | D:4      | XOM: harmless Hex miscast
  2549 | Sewer    | Entered a sewer
  2586 | Sewer    | Reached XP level 7. HP: 55/75 MP: 7/7
  2711 | Sewer    | Found a burning altar of Makhleb.
  2732 | Sewer    | Reached skill level 6 in Maces & Flails
  2825 | Sewer    | Noticed Grinder
  2846 | Sewer    | Huge Dmg: 14 dmg
  2851 | Sewer    | Huge Dmg: 10 dmg
  2854 | Sewer    | Paralysed by Grinder for 4 turns
  2859 | Sewer    | Huge Dmg: 10 dmg
  2859 | Sewer    | Killed Grinder
  2859 | Sewer    | Reached skill level 1 in Stealth
  2911 | Sewer    | XOM: enchant monster (good)
  2919 | Sewer    | Reached XP level 8. HP: 19/84 MP: 8/8
  2921 | Sewer    | Reached skill level 7 in Maces & Flails
  2981 | Sewer    | XOM: scenery: 3 doors close
  3206 | D:4      | XOM: divination: magic mapping
  3336 | D:5      | Entered Level 5 of the Dungeon
  3388 | D:5      | XOM: god gift: bronze wand {god gift}
  3421 | D:5      | XOM: blink monster(s)
  3445 | D:5      | Found a white marble altar of Elyvilon.
  3466 | D:5      | Lost mutation: You possess an exceptional clarity of mind. [potion of mutation]
  3466 | D:5      | Lost mutation: You are agile. (Dex +2) [potion of mutation]
  3466 | D:5      | Gained mutation: Your skin changes colour to match your surroundings (Stealth+). [potion of mutation]
  3466 | D:5      | Gained mutation: Your spells are a little harder to cast, but a little more powerful. [potion of mutation]
  3466 | D:5      | Gained mutation: You are surrounded by a mild repulsion field. (EV +2) [potion of mutation]
  3483 | D:5      | XOM: confusion (+ monsters)
  3527 | D:5      | XOM: 2-stop teleportation journey
  3531 | D:5      | XOM: repel stairs
  3688 | D:5      | XOM: silly message
  3856 | D:5      | XOM: harmless Hex miscast
  3903 | D:5      | Found a blossoming altar of Fedhas.
  3909 | D:5      | Found a shadowy altar of Dithmenos.
  3910 | D:5      | Found a stormy altar of Qazlal.
  4196 | D:5      | XOM: divination: detect creatures
  4230 | D:6      | XOM: noise
  4233 | D:6      | Found a staircase to the Ecumenical Temple.
  4246 | D:6      | Huge Dmg: 26 dmg
  4249 | D:6      | Huge Dmg: 26 dmg
  4253 | D:6      | Huge Dmg: 5 dmg
  4253 | D:6      | Reached skill level 8 in Maces & Flails
  4372 | D:6      | XOM: confusion (+ monsters)
  4405 | D:6      | Huge Dmg: 14 dmg
  4412 | D:6      | Huge Dmg: 9 dmg
  4413 | D:6      | XOM: cast spell 'Discord'
  4415 | D:6      | XOM: cast spell 'Summon Butterflies'
  4415 | D:6      | Reached XP level 9. HP: 22/94 MP: 9/9
  4421 | D:6      | Huge Dmg: 13 dmg
  4424 | D:6      | HP: 1/96 [orc priest/divine providence (10)]
  4425 | D:6      | Huge Dmg: 10 dmg
  4426 | D:6      | Mangled by a gnoll

Vault maps used:
D:1:      dpeg_arrival_tiny_g
D:3:      first_ration
D:4:      cheibrodos_greedy_goblins, kennysheep_slug_shrine,
          lemuel_zombie_altar_yredelemnul, lightli_temple_of_fire, serial_shops,
          nicolae_shop_statue_plus, portal_sewer_entry_b
D:5:      minitemple, basic_altar, serial_bayou_pond_b
D:6:      minmay_temple_entry_mist
Sewer:    kennysheep_sewer_church

Skill      XL: |  1  2  3  4  5  6  7  8 |
---------------+-------------------------+-----
Maces & Flails | 3 4 5 6 8 |  8.3
Fighting       | 5 6 7 |  7.8
Dodging        | 3 4 |  4.7
Stealth        | 1 2 |  2.0

Action                   |  1- 3 |  4- 6 |  7- 9 || total
-------------------------+-------+-------+-------++-------
Melee: Mace              |   129 |   135 |   272 ||   536
  Use: Potion            |       |     7 |     4 ||    11
       Scroll            |       |     1 |     7 ||     8
 Stab: Confused          |       |     1 |       ||     1
       Invisible         |       |       |     5 ||     5
       Petrified         |       |       |     2 ||     2
       Paralysed         |       |       |     2 ||     2
       Petrifying        |       |       |     1 ||     1
  Eat: Chunk             |     1 |     5 |     6 ||    12
Armor: Robe              |    70 |    36 |    83 ||   189
Dodge: Dodged            |    90 |    91 |   332 ||   513

Table legend:
 A = Spawn XP
 B = Non-spawn XP
 C = Spawn XP percentage of total XP
 D = Spawn monster count
 E = Non-spawn monster count
 F = Spawn count percentage of total count
 G = Total turns spent on level
                    A         B        C        D         E        F      G
               +---------+---------+-------+---------+---------+-------+---------
         Total |       0 |    2529 |   0.0 |       0 |     159 |   0.0 |  4426
               +---------+---------+-------+---------+---------+-------+---------
           D:1 |       0 |      47 |   0.0 |       0 |      26 |   0.0 |   792
           D:2 |       0 |      12 |   0.0 |       0 |       8 |   0.0 |   603
           D:3 |       0 |     179 |   0.0 |       0 |      23 |   0.0 |   759
           D:4 |       0 |     565 |   0.0 |       0 |      33 |   0.0 |   586
           D:5 |       0 |     550 |   0.0 |       0 |      19 |   0.0 |   894
           D:6 |       0 |     487 |   0.0 |       0 |      13 |   0.0 |   196
         Sewer |       0 |     689 |   0.0 |       0 |      37 |   0.0 |   596
               +---------+---------+-------+---------+---------+-------+---------
